| TOP OF THE 1ST |
|
Kelowna Heat batting - Pitching for Madison Brewers : RHP Pat Spry
|
|
Pitching: RHP Pat Spry
|
|
|
Batting: RHB Miguel Gonzalez
|
0-0: Ball 1-0: Foul Ball, location: 2F 1-1: Foul Ball, location: 2F 1-2: Foul Ball, location: 2F 1-2: Ball 2-2: Strikes out looking
|
|
Batting: RHB Josh Truell
|
0-0: Foul Ball, location: 2F 0-1: Ball 1-1: Ball 2-1: Foul Ball, location: 2F 2-2: Ball 3-2: Foul Ball, location: 2F 3-2: Base on Balls
|
|
Batting: LHB Chris West
|
0-0: Called Strike 0-1: Grounds into double play, 1-6-3 (Groundball, 13S, EV 65.6 MPH)
|
| Top of the 1st over - 0 runs, 0 hits, 0 errors, 0 left on base; Kelowna 0 - Madison 0 |
| BOTTOM OF THE 1ST |
|
Madison Brewers batting - Pitching for Kelowna Heat : RHP Pat Wiggins
|
|
Pitching: RHP Pat Wiggins
|
|
|
Batting: RHB Victor Alarcon
|
0-0: Foul Ball, location: 2F 0-1: Foul Ball, location: 2F 0-2: Ball 1-2: SINGLE (Groundball, 6D, EV 101.9 MPH)
|
|
Batting: RHB Cameron Rattenbury
|
0-0: Ball Victor Alarcon is caught stealing 2nd base 2-4 1-0: Ball 2-0: Ball 3-0: Called Strike 3-1: Base on Balls
|
|
Batting: LHB Steven Donovan
|
0-0: Foul Ball, location: 2F 0-1: Ball 1-1: Ball 2-1: Foul Ball, location: 2F 2-2: Ball 3-2: Fly out, F5 (Popup, 5SF, EV 85.6 MPH)
|
|
Batting: SHB Ramon Perez
|
0-0: Ball Cameron Rattenbury is caught stealing 2nd base 2-6
|
| Bottom of the 1st over - 0 runs, 1 hit, 0 errors, 0 left on base; Kelowna 0 - Madison 0 |
| TOP OF THE 2ND |
|
Kelowna Heat batting - Pitching for Madison Brewers : RHP Pat Spry
|
|
Batting: RHB Billy Pranger
|
0-0: Swinging Strike 0-1: Swinging Strike 0-2: Ball 1-2: Strikes out swinging
|
|
Batting: LHB Steve Nevis
|
0-0: Ball 1-0: SINGLE (Groundball, 5D, EV 100.0 MPH)
|
|
Batting: RHB Malik Sharpless
|
0-0: Ball 1-0: Ball 2-0: Swinging Strike 2-1: Called Strike 2-2: Foul Ball, location: 2F 2-2: Ball Wild Pitch! Steve Nevis to second 3-2: Ground out U3 (Groundball, 3L, EV 105.6 MPH) Steve Nevis to third
|
|
Batting: LHB Takaaki Nishimoto
|
0-0: Called Strike 0-1: Ball 1-1: Called Strike 1-2: Strikes out looking
|
| Top of the 2nd over - 0 runs, 1 hit, 0 errors, 1 left on base; Kelowna 0 - Madison 0 |
| BOTTOM OF THE 2ND |
|
Madison Brewers batting - Pitching for Kelowna Heat : RHP Pat Wiggins
|
|
Batting: SHB Ramon Perez
|
0-0: Foul Ball, location: 2F 0-1: Called Strike 0-2: Strikes out looking
|
|
Batting: RHB Drew Forbess
|
0-0: Called Strike 0-1: Ball 1-1: Swinging Strike 1-2: Strikes out swinging
|
|
Batting: RHB Chris Riddel
|
0-0: Called Strike 0-1: Swinging Strike 0-2: Fly out, F8 (Flyball, 8RS, EV 81.9 MPH)
|
| Bottom of the 2nd over - 0 runs, 0 hits, 0 errors, 0 left on base; Kelowna 0 - Madison 0 |
| TOP OF THE 3RD |
|
Kelowna Heat batting - Pitching for Madison Brewers : RHP Pat Spry
|
|
Batting: RHB Bob Schweiger
|
0-0: Ball 1-0: Fly out, F5 (Line Drive, 5, EV 64.4 MPH)
|
|
Batting: RHB Chance Robinson
|
0-0: Ball 1-0: Called Strike 1-1: Swinging Strike 1-2: Strikes out swinging
|
|
Batting: RHB Miguel Gonzalez
|
0-0: Fly out, F9 (Flyball, 9, EV 94.4 MPH)
|
| Top of the 3rd over - 0 runs, 0 hits, 0 errors, 0 left on base; Kelowna 0 - Madison 0 |
| BOTTOM OF THE 3RD |
|
Madison Brewers batting - Pitching for Kelowna Heat : RHP Pat Wiggins
|
|
Batting: RHB Herb McIntyre
|
0-0: Ball 1-0: Ball 2-0: Ball 3-0: Foul Ball, location: 2F 3-1: Foul Ball, location: 2F 3-2: Base on Balls
|
|
Batting: RHB Jesus Menjivar
|
0-0: Swinging Strike 0-1: Foul Ball, location: 2F 0-2: Ball 1-2: Foul Ball, location: 2F 1-2: Foul Ball, location: 2F 1-2: Fielders Choice at 2nd, 5-4 (Groundball, 56S, EV 84.4 MPH)
|
|
Batting: RHB Justin Marino
|
0-0: Called Strike 0-1: Called Strike 0-2: Strikes out swinging
|
|
Batting: RHB Victor Alarcon
|
0-0: Ball Wild Pitch! Jesus Menjivar to second 1-0: Foul Ball, location: 2F 1-1: Ball 2-1: Ball 3-1: Base on Balls
|
|
Batting: RHB Cameron Rattenbury
|
0-0: Ball 1-0: Ball 2-0: Ball 3-0: Called Strike 3-1: Fly out, F6 (Flyball, 6D, EV 81.9 MPH)
|
| Bottom of the 3rd over - 0 runs, 0 hits, 0 errors, 2 left on base; Kelowna 0 - Madison 0 |
| TOP OF THE 4TH |
|
Kelowna Heat batting - Pitching for Madison Brewers : RHP Pat Spry
|
|
Batting: RHB Josh Truell
|
0-0: Ball 1-0: Called Strike 1-1: Foul Ball, location: 2F 1-2: Ball 2-2: Strikes out swinging
|
|
Batting: LHB Chris West
|
0-0: Foul Ball, location: 2F 0-1: Ball 1-1: Ball 2-1: Called Strike 2-2: Strikes out swinging
|
|
Batting: RHB Billy Pranger
|
0-0: Ball 1-0: Fly out, F7 (Flyball, 7S, EV 86.9 MPH)
|
| Top of the 4th over - 0 runs, 0 hits, 0 errors, 0 left on base; Kelowna 0 - Madison 0 |
| BOTTOM OF THE 4TH |
|
Madison Brewers batting - Pitching for Kelowna Heat : RHP Pat Wiggins
|
|
Batting: LHB Steven Donovan
|
0-0: Ball 1-0: Foul Ball, location: 2F 1-1: Foul Ball, location: 2F 1-2: Ball 2-2: Strikes out looking
|
|
Batting: SHB Ramon Perez
|
0-0: Swinging Strike 0-1: Ball 1-1: Foul Ball, location: 2F 1-2: Ball 2-2: SOLO HOME RUN (Flyball, 89XD, EV 100.0 MPH), Distance : 419 ft
|
|
Batting: RHB Drew Forbess
|
0-0: Foul Ball, location: 2F 0-1: Ball 1-1: SINGLE (Line Drive, 34D, EV 96.3 MPH)
|
|
Batting: RHB Chris Riddel
|
0-0: Fielders Choice at 2nd, 3-6 (Groundball, 34S, EV 88.8 MPH)
|
|
Batting: RHB Herb McIntyre
|
0-0: Called Strike 0-1: Hit by Pitch Chris Riddel to second
|
|
Batting: RHB Jesus Menjivar
|
0-0: SINGLE (Groundball, 3D, EV 103.8 MPH) Chris Riddel to third Herb McIntyre to second Runner from 3rd tries for Home, SAFE, throw by RF to home
|
|
Batting: RHB Justin Marino
|
0-0: Swinging Strike 0-1: Ball 1-1: Ball 2-1: Ball 3-1: Swinging Strike 3-2: Foul Ball, location: 2F 3-2: Foul Ball, location: 2F 3-2: Base on Balls Herb McIntyre to third Jesus Menjivar to second
|
|
Pitching: RHP Ryan Hoagland
|
|
|
Batting: RHB Victor Alarcon
|
0-0: Called Strike 0-1: Swinging Strike 0-2: Ball 1-2: Ground out 4-3 (Groundball, 4, EV 86.3 MPH)
|
| Bottom of the 4th over - 2 runs, 3 hits, 0 errors, 3 left on base; Kelowna 0 - Madison 2 |
| TOP OF THE 5TH |
|
Kelowna Heat batting - Pitching for Madison Brewers : RHP Pat Spry
|
|
Batting: LHB Steve Nevis
|
0-0: Ball 1-0: Foul Ball, location: 2F 1-1: Swinging Strike 1-2: Foul Ball, location: 2F 1-2: Strikes out looking
|
|
Batting: RHB Malik Sharpless
|
0-0: Ball 1-0: Ball 2-0: Foul Ball, location: 2F 2-1: Swinging Strike 2-2: Strikes out swinging
|
|
Batting: LHB Takaaki Nishimoto
|
0-0: Ball 1-0: Swinging Strike 1-1: Fly out, F8 (Flyball, 89D, EV 86.9 MPH)
|
| Top of the 5th over - 0 runs, 0 hits, 0 errors, 0 left on base; Kelowna 0 - Madison 2 |
| BOTTOM OF THE 5TH |
|
Madison Brewers batting - Pitching for Kelowna Heat : RHP Ryan Hoagland
|
|
Batting: RHB Cameron Rattenbury
|
0-0: Ball 1-0: Ball 2-0: Called Strike 2-1: Swinging Strike 2-2: Foul Ball, location: 2F 2-2: Strikes out swinging
|
|
Batting: LHB Steven Donovan
|
0-0: Ball 1-0: Ball 2-0: Foul Ball, location: 2F 2-1: SINGLE (Groundball, 34, EV 107.5 MPH)
|
|
Batting: SHB Ramon Perez
|
0-0: Ball 1-0: Ball 2-0: Foul Ball, location: 2F 2-1: Foul Ball, location: 2F 2-2: Ball 3-2: Foul Ball, location: 2F 3-2: Base on Balls Steven Donovan to second
|
|
Batting: RHB Drew Forbess
|
0-0: Swinging Strike 0-1: Swinging Strike 0-2: Strikes out looking
|
|
Batting: RHB Chris Riddel
|
0-0: Foul Ball, location: 2F 0-1: Ball 1-1: Reached on error, E6 (Groundball, 6, EV 88.8 MPH) Steven Donovan to third Ramon Perez to second
|
|
Batting: RHB Herb McIntyre
|
0-0: Ball 1-0: Ball 2-0: DOUBLE (Flyball, 7LD, EV 110.0 MPH) Steven Donovan scores Ramon Perez scores Chris Riddel to third
|
|
Pinch Hitting: LHB Sal Burgos
|
0-0: Ball 1-0: Ball 2-0: DOUBLE (Line Drive, 78D, EV 103.1 MPH) Chris Riddel scores Herb McIntyre scores
|
|
Pitching: RHP Jonathan Simi
|
|
|
Batting: RHB Justin Marino
|
0-0: Called Strike 0-1: Hit by Pitch
|
|
Batting: RHB Victor Alarcon
|
0-0: Called Strike 0-1: Ball 1-1: Fly out, F7 (Flyball, 7LM, EV 96.3 MPH)
|
| Bottom of the 5th over - 4 runs, 3 hits, 1 error, 2 left on base; Kelowna 0 - Madison 6 |
| TOP OF THE 6TH |
|
Kelowna Heat batting - Pitching for Madison Brewers : RHP Pat Spry
|
|
Now in CF: Sal Burgos
|
|
|
Batting: RHB Bob Schweiger
|
0-0: Called Strike 0-1: Ball 1-1: Ball 2-1: SINGLE (Groundball, 6, EV 100.0 MPH)
|
|
Batting: RHB Chance Robinson
|
0-0: Sac Bunt to 3S - play at first, batter OUT! 3-4 Bob Schweiger to second
|
|
Batting: RHB Miguel Gonzalez
|
0-0: Swinging Strike 0-1: Foul Ball, location: 2F 0-2: Foul Ball, location: 2F 0-2: Ball 1-2: Strikes out swinging
|
|
Batting: RHB Josh Truell
|
0-0: Called Strike 0-1: Foul Ball, location: 2F 0-2: Ball 1-2: Strikes out swinging
|
| Top of the 6th over - 0 runs, 1 hit, 0 errors, 1 left on base; Kelowna 0 - Madison 6 |
| BOTTOM OF THE 6TH |
|
Madison Brewers batting - Pitching for Kelowna Heat : RHP Jonathan Simi
|
|
Batting: RHB Cameron Rattenbury
|
0-0: Ball 1-0: Foul Ball, location: 2F 1-1: Ball 2-1: Ball 3-1: Base on Balls
|
|
Batting: LHB Steven Donovan
|
0-0: Called Strike 0-1: Called Strike 0-2: Ball Cameron Rattenbury steals 2nd base 1-2: Foul Ball, location: 2F 1-2: Ball 2-2: Ball 3-2: Base on Balls
|
|
Batting: SHB Ramon Perez
|
0-0: Grounds into double play, 4-6-3 (Groundball, 4S, EV 83.1 MPH) Cameron Rattenbury to third
|
|
Batting: RHB Drew Forbess
|
0-0: Foul Ball, location: 2F 0-1: Ball 1-1: Reached on error, E6 (Groundball, 6, EV 88.8 MPH) Cameron Rattenbury scores
|
|
Batting: RHB Chris Riddel
|
0-0: Called Strike 0-1: Ball 1-1: Ball 2-1: Ground out 5-3 (Groundball, 5, EV 84.4 MPH)
|
| Bottom of the 6th over - 1 run, 0 hits, 1 error, 1 left on base; Kelowna 0 - Madison 7 |
| TOP OF THE 7TH |
|
Kelowna Heat batting - Pitching for Madison Brewers : RHP Pat Spry
|
|
Batting: LHB Chris West
|
0-0: Called Strike 0-1: Ground out 4-3 (Groundball, 34, EV 88.1 MPH)
|
|
Pitching: LHP Tony Salazar
|
|
|
Batting: RHB Billy Pranger
|
0-0: Ball 1-0: Swinging Strike 1-1: Ball 2-1: Swinging Strike 2-2: Foul Ball, location: 2F 2-2: Foul Ball, location: 2F 2-2: Foul Ball, location: 2F 2-2: Ball 3-2: Foul Ball, location: 2F 3-2: Foul Ball, location: 2F 3-2: Foul Ball, location: 2F 3-2: Strikes out swinging
|
|
Batting: LHB Steve Nevis
|
0-0: Called Strike 0-1: Called Strike 0-2: Strikes out swinging
|
| Top of the 7th over - 0 runs, 0 hits, 0 errors, 0 left on base; Kelowna 0 - Madison 7 |
| BOTTOM OF THE 7TH |
|
Madison Brewers batting - Pitching for Kelowna Heat : RHP Jonathan Simi
|
|
Pinch Hitting: SHB Orlando Torres
|
0-0: Called Strike 0-1: Fly out, F7 (Flyball, 7, EV 85.6 MPH)
|
|
Pinch Hitting: LHB Danny Bautista
|
0-0: Foul Ball, location: 2F 0-1: Foul Ball, location: 2F 0-2: Ball 1-2: Strikes out looking
|
|
Pinch Hitting: SHB Jerry Duffy
|
0-0: Ball 1-0: Called Strike 1-1: Ball 2-1: Called Strike 2-2: Ball 3-2: Base on Balls
|
|
Pinch Hitting: RHB Todd Massad
|
0-0: Fly out, F4 (Popup, 34S, EV 81.9 MPH)
|
| Bottom of the 7th over - 0 runs, 0 hits, 0 errors, 1 left on base; Kelowna 0 - Madison 7 |
| TOP OF THE 8TH |
|
Kelowna Heat batting - Pitching for Madison Brewers : LHP Tony Salazar
|
|
Now at 2B: Rick Campbell
|
|
|
Now at SS: Orlando Torres
|
|
|
Now in LF: Jerry Duffy
|
|
|
Now in CF: Todd Massad
|
|
|
Batting: RHB Malik Sharpless
|
0-0: Called Strike 0-1: Called Strike 0-2: Ball 1-2: Foul Ball, location: 2F 1-2: Strikes out swinging
|
|
Batting: LHB Takaaki Nishimoto
|
0-0: Called Strike 0-1: Swinging Strike 0-2: Ball 1-2: Strikes out swinging
|
|
Batting: RHB Bob Schweiger
|
0-0: Called Strike 0-1: Foul Ball, location: 2F 0-2: Strikes out swinging
|
| Top of the 8th over - 0 runs, 0 hits, 0 errors, 0 left on base; Kelowna 0 - Madison 7 |
| BOTTOM OF THE 8TH |
|
Madison Brewers batting - Pitching for Kelowna Heat : RHP Jonathan Simi
|
|
Batting: RHB Cameron Rattenbury
|
0-0: Foul Ball, location: 2F 0-1: Called Strike 0-2: Ground out 6-3 (Groundball, 6, EV 84.4 MPH)
|
|
Batting: LHB Steven Donovan
|
0-0: SOLO HOME RUN (Flyball, 7LD, EV 90.6 MPH), Distance : 327 ft
|
|
Batting: SHB Ramon Perez
|
0-0: Foul Ball, location: 2F 0-1: Ball 1-1: Ball 2-1: Foul Ball, location: 2F 2-2: Foul Ball, location: 2F 2-2: Foul Ball, location: 2F 2-2: Ground out 5-3 (Groundball, 5S, EV 79.4 MPH)
|
|
Batting: RHB Drew Forbess
|
0-0: Ball 1-0: Fly out, F8 (Flyball, 8RD, EV 92.5 MPH)
|
| Bottom of the 8th over - 1 run, 1 hit, 0 errors, 0 left on base; Kelowna 0 - Madison 8 |
| TOP OF THE 9TH |
|
Kelowna Heat batting - Pitching for Madison Brewers : LHP Tony Salazar
|
|
Batting: RHB Chance Robinson
|
0-0: Called Strike 0-1: Foul Ball, location: 2F 0-2: Ball 1-2: Strikes out swinging
|
|
Batting: RHB Miguel Gonzalez
|
0-0: Ball 1-0: Ball 2-0: Called Strike 2-1: DOUBLE (Line Drive, 78D, EV 108.1 MPH)
|
|
Pitching: RHP Omar Morales
|
|
|
Batting: RHB Josh Truell
|
0-0: Ball 1-0: Called Strike 1-1: Called Strike 1-2: Strikes out swinging, 2-3 out at first.
|
|
Batting: LHB Chris West
|
0-0: Ball 1-0: Ball 2-0: Swinging Strike 2-1: Swinging Strike 2-2: Strikes out looking
|
| Top of the 9th over - 0 runs, 1 hit, 0 errors, 1 left on base; Kelowna 0 - Madison 8 |
|